 Dungeon Crawl Stone Soup version 0.27.0-1-g7a089689b8 (console) character file.

Game seed: 10661486464826027609

41 jejorda2 the Sneak (level 3, -1/28 HPs)
             Began as a Ghoul Enchanter on July 31, 2021.
             Was a Follower of Cheibriados.
             Slain by a jackal (2 damage)
             ... on level 2 of the Dungeon.
             The game lasted 00:02:42 (1154 turns).

jejorda2 the Sneak (Ghoul Enchanter)                Turns: 1154, Time: 00:02:42

Health: -1/28      AC:  2    Str: 21    XL:     3   Next: 52%
Magic:  4/4        EV: 12    Int: 13    God:    Cheibriados [*.....]
Gold:   32         SH:  0    Dex: 12    Spells: 4/5 levels left

rFire    . . .     SeeInvis .   a - +1 dagger
rCold    + . .     Faith    .   (no shield)
rNeg     + + +     Spirit   .   b - +0 robe
rPois    ∞         Reflect  .   (no helmet)
rElec    .         Harm     .   (no cloak)
rCorr    .         Rampage  .   (no gloves)
Will     .....                  (no boots)
Stlth    ++........             (no amulet)
HPRegen  0.00/turn              c - +6 ring of strength
MPRegen  0.09/turn              (no ring)

@: inhibited regen, very slow
A: claws 1, cold resistance 1, negative energy resistance 3, inhibited
regeneration, torment resistance 2
a: Renounce Religion, Bend Time


You were on level 2 of the Dungeon.
You worshipped Cheibriados.
Cheibriados was aware of your devotion.
You visited 1 branch of the dungeon, and saw 2 of its levels.

You collected 32 gold pieces.

Inventory:

Hand Weapons
 a - a +1 dagger (weapon)
Armour
 b - a +0 robe (worn)
Jewellery
 c - a +6 ring of strength (left claw)
Wands
 h - a wand of polymorph (12)
Scrolls
 e - a scroll of fog {unknown}
 g - a scroll of enchant weapon {unknown}
Potions
 d - a potion of might {unknown}
 f - a potion of haste {unknown}


   Skills:
 + Level 1.3 Fighting
 - Level 0.8 Short Blades
 + Level 1.0 Armour
 - Level 1.7 Dodging
 - Level 3.2 Stealth
 * Level 2.2 Unarmed Combat
 - Level 1.7 Spellcasting
 - Level 2.4 Hexes
 + Level 0.4 Invocations


You had 4 spell levels left.
You knew the following spells:

 Your Spells              Type           Power      Damage    Failure   Level
a - Corona                Hex            7%         N/A       10%         1

Your spell library contained the following spells:

 Spells                   Type           Power      Damage    Failure   Level
 Ensorcelled Hibernation  Hex/Ice        8%         N/A       24%         2
 Confusing Touch          Hex            7%         N/A       28%         3
 Tukima's Dance           Hex            7%         N/A       28%         3
 Dazzling Flash           Conj/Hex       8%         N/A       43%         3


Dungeon Overview and Level Annotations

Branches:
Dungeon (2/15)

Altars:
Cheibriados


Innate Abilities, Weirdness & Mutations

You thrive by killing the living.
You are immune to poison.
You have sharp fingernails.
Your flesh is cold resistant. (rC+)
You are immune to negative energy. (rN+++)
You do not regenerate when monsters are visible.
You are immune to unholy pain and torment.


Message History

* * * LOW HITPOINT WARNING * * *
You hit the giant cockroach.
The giant cockroach is heavily wounded.
The giant cockroach bites you but does no damage.
You barely miss the giant cockroach.
The giant cockroach is heavily wounded.
The giant cockroach misses you.
You hit the giant cockroach.
You kill the giant cockroach!
Cheibriados appreciates the change of pace.
You feel better. The jackal bites you.
* * * LOW HITPOINT WARNING * * *
You closely miss the jackal. The jackal bites you.
* * * LOW HITPOINT WARNING * * *
You hit the jackal.
The jackal is moderately wounded.
The jackal barely misses you.
You hit the jackal.
The jackal is almost dead.
The jackal bites you.
* * * LOW HITPOINT WARNING * * *
The jackal closely misses you.
You barely miss the jackal.
The jackal is almost dead.
The jackal closely misses you.
You hit the jackal but do no damage.
The jackal is almost dead.
The jackal bites you but does no damage.
The jackal closely misses you.
You hit the jackal but do no damage.
The jackal is almost dead.
The jackal barely misses you.
You hit the jackal but do no damage.
The jackal is almost dead.
The jackal bites you.
* * * LOW HITPOINT WARNING * * *
You completely miss the jackal.
The jackal is severely wounded.
The jackal bites you.
You die...

.... .#. ...
#.. .. .. #
.#.##h##.
#........
#........
#.####### #h#
# #@# #.###
#.# #.... #.#
##########
#.#######...#
#
#.........#.#
#########...#
##.## #.# #.#


You could see a jackal.

Vanquished Creatures
  An adder (D:2)
  3 ball pythons (D:1)
  A bat (D:1)
  7 endoplasms (D:1)
  2 giant cockroaches
  3 goblins (D:1)
  A hobgoblin (D:2)
  2 jackals (D:2)
  3 kobolds
  A quokka (D:1)
  3 rats (D:1)
27 creatures vanquished.

Vanquished Creatures (others)
  A plant (D:1)
1 creature vanquished.

Grand Total: 28 creatures vanquished

Notes
Turn   | Place    | Note
-------+----------+-------------------------------------------
     0 | D:1      | jejorda2 the Ghoul Enchanter began the quest for the Orb.
     0 | D:1      | Reached XP level 1. HP: 14/14 MP: 2/2
    78 | D:1      | Reached skill level 1 in Unarmed Combat
   280 | D:1      | Reached XP level 2. HP: 22/22 MP: 3/3
   502 | D:1      | Reached skill level 1 in Fighting
   899 | D:1      | Found a faded altar of an unknown god.
   906 | D:1      | Reached XP level 3. HP: 27/28 MP: 4/4
   910 | D:1      | Became a worshipper of Cheibriados the Contemplative
   910 | D:1      | Reached * piety under Cheibriados
  1121 | D:2      | Reached skill level 1 in Armour
  1153 | D:2      | HP: 1/28 [jackal (2)]
  1154 | D:2      | Slain by a jackal

Illustrated notes

Levels and vault maps discovered:
D:1:      eino_arrival_water_cross, layout_basic, basic_ecumenical_altar
D:2:      layout_loops_ring

Skill      XL: |  1  2  3 |
---------------+----------+-----
Unarmed Combat | 1 2 |  2.2
Fighting       | 1 |  1.3
Armour         | 1 |  1.0
Short Blades   | |  0.8
Dodging        | |  1.7
Stealth        | |  3.2
Spellcasting   | |  1.7
Hexes          | |  2.4
Invocations    | |  0.4

Action                   || total
-------------------------++-------
Melee: Dagger            ||   111
       Punch             ||     1
 Stab: Sleeping          ||     9
Armor: Robe              ||    16
Dodge: Dodged            ||    65
